 Dungeon Crawl Stone Soup version 0.28-a0-1038-g9c4cb8273d (webtiles) character file.

Game seed: 421005640178568578

37 bhex the Stinger (level 3, 0/21 HPs)
             Began as an Octopode Venom Mage on Dec 8, 2021.
             Slain by an adder (5 damage)
             ... on level 2 of the Dungeon.
             The game lasted 00:08:29 (1801 turns).

bhex the Stinger (Octopode Venom Mage)              Turns: 1801, Time: 00:08:30

Health: 0/21       AC:  1    Str:  7    XL:     3   Next: 41%
Magic:  3/6        EV: 13    Int: 19    God:
Gold:   24         SH:  0    Dex: 12    Spells: 0/6 levels left

rFire   . . .      SeeInvis .   (no weapon)
rCold   . . .      Faith    .   (no shield)
rNeg    . . .      Spirit   .   (helmet restricted)
rPois   .          Reflect  .   (no amulet)
rElec   .          Harm     .   (no ring)
rCorr   .          Rampage  .   (no ring)
Will    .....                   (no ring)
Stlth   +++.......              (no ring)
HPRegen 0.07/turn               (no ring)
MPRegen 0.10/turn               (no ring)
                                (no ring)
                                (no ring)

@: no status effects
A: almost no armour, amphibious, 8 rings, camouflage 1, gelatinous body 1,
(nimble swimmer 1), tentacles
a: no special abilities


You were on level 2 of the Dungeon.
You visited 1 branch of the dungeon, and saw 2 of its levels.

You collected 24 gold pieces.

Inventory:

Hand Weapons
 g - a +0 vorpal long sword
Magical Staves
 b - a staff of fire
Scrolls
 a - a scroll of immolation {unknown}
 d - a scroll of acquirement {unknown}
 e - a scroll of fog {unknown}
 f - a scroll of identify {unknown}


   Skills:
 + Level 0.2 Fighting
 + Level 0.1 Staves
 + Level 2.2 Dodging
 + Level 3.1 Stealth
 + Level 0.5 Unarmed Combat
 + Level 2.4 Spellcasting
 + Level 1.0 Transmutations
 + Level 4.1 Poison Magic


You couldn't memorise any spells.
You knew the following spells:

 Your Spells              Type           Power      Damage    Failure   Level
a - Sting                 Tmut/Pois      48%        1d5       5%          1
b - Poisonous Vapours     Pois/Air       20%        N/A       11%         2
c - Mephitic Cloud        Conj/Pois/Air  7%         N/A       26%         3

Your spell library contained the following spells:

 Spells                   Type           Power      Damage    Failure   Level
 Animate Skeleton         Necr           4%         N/A       16%         1
 Pain                     Necr           8%         1d4       16%         1
 Olgreb's Toxic Radiance  Pois           18%        N/A       28%         4
 Vampiric Draining        Necr           2%         2d6       43%         3


Dungeon Overview and Level Annotations

Branches:
Dungeon (2/15)

Altars:

Annotations:
D:2 Sigmund


Innate Abilities, Weirdness & Mutations

You cannot wear most types of armour.
You are amphibious.
You can wear up to eight rings at the same time.
Your skin changes colour to match your surroundings (Stealth+).
Your rubbery body absorbs attacks. (AC +1, EV +1)
((You are camouflaged near water. (Stealth+)))
You have tentacles for arms and can constrict up to eight enemies at once.


Message History

You constrict the dart slug.
You feel sick. The dart slug launches a dart at you. The slug dart hits you.
* * * LOW HITPOINT WARNING * * *
The adder bites you.
* * * LOW HITPOINT WARNING * * *
You feel much better.
You constrict the dart slug.
You feel sick. The adder completely misses you.
The dart slug launches a dart at you. The slug dart misses you.
You tentacle-slap the dart slug.
You kill the dart slug!
You feel sick. The adder closely misses you.
You feel sick. The adder bites you.
You are more poisoned.
The adder poisons you!
You feel sick.
You feel sick.
Casting: Sting (safe; 5% risk of failure)
Confirm with . or Enter, or press ? or * to list all spells.
Aiming: Sting (safe; 5% risk of failure)
Press: ? - help, Shift-Dir - straight line, f - adder
Aim: an adder (53% to hit)
The sting hits the adder.
The adder is poisoned.
The adder is heavily wounded.
You feel sick. The adder bites you. The adder bites you but does no damage.
You feel sick.
You feel sick.
You feel sick. The adder misses you.
Casting: Sting (safe; 5% risk of failure)
Confirm with . or Enter, or press ? or * to list all spells.
Aiming: Sting (safe; 5% risk of failure)
Press: ? - help, Shift-Dir - straight line, f/p - adder
Aim: an adder (heavily wounded, poisoned, 53% to hit)
The sting hits the adder.
The adder looks even sicker.
The adder is almost dead.
You feel sick.
You are no longer poisoned.
The adder bites you.
You die...

############
#..@S......# ..
......########.#
... ##### ##.##
...####
#######...##
..........#.
...........#
..#.........##
#######....##
..#..#
#...#######.......#
..##.#
#.#...............#
..##.#
#...#######..)....#


You could see an adder (very poisoned).

Vanquished Creatures
  A dart slug (D:2)
  5 ball pythons
  4 bats (D:1)
  3 endoplasms
  3 goblins
  2 hobgoblins (D:2)
  2 kobolds (D:1)
  3 quokkas
  3 frilled lizards
  5 rats
31 creatures vanquished.

Vanquished Creatures (others)
  6 fungi (D:2)
  5 plants (D:2)
11 creatures vanquished.

Grand Total: 42 creatures vanquished

Notes
Turn   | Place    | Note
-------+----------+-------------------------------------------
     0 | D:1      | bhex the Octopode Venom Mage began the quest for the Orb.
     0 | D:1      | Reached XP level 1. HP: 11/11 MP: 3/3
   202 | D:1      | Reached XP level 2. HP: 17/17 MP: 5/5
   277 | D:1      | Reached skill level 4 in Poison Magic
  1338 | D:2      | Reached XP level 3. HP: 21/21 MP: 6/6
  1342 | D:2      | Learned a level 2 spell: Poisonous Vapours
  1346 | D:2      | Learned a level 3 spell: Mephitic Cloud
  1643 | D:2      | Found a faded altar of an unknown god.
  1755 | D:2      | Noticed Sigmund
  1791 | D:2      | HP: 1/21 [adder (3)]
  1801 | D:2      | Slain by an adder

Illustrated notes

Levels and vault maps discovered:
D:1:      heliophobic_arrival_enchanted_forest, layout_basic,
          minmay_misc_feat_four_crosses
D:2:      layout_loops_ring, dreamdust_ecumenical_altar_grove,
          uniq_crazy_yiuf_cottage, uniq_sigmund

Skill      XL: |  1  2 |
---------------+-------+-----
Poison Magic   | 4 |  4.1
Stealth        | 3 |  3.1
Fighting       | |  0.2
Staves         | |  0.1
Dodging        | |  2.2
Unarmed Combat | |  0.5
Spellcasting   | |  2.4
Transmutations | |  1.0

Action                   || total
-------------------------++-------
Melee: Unarmed           ||    70
       Constrict         ||    17
       Tentacles         ||    11
       Staff             ||    12
 Cast: Sting             ||    25
       Poisonous Vapours ||     4
  Use: Potion            ||     2
 Stab: Sleeping          ||     5
       Distracted        ||     1
Armor: Skin              ||    14
Dodge: Dodged            ||    78

Table legend: (Time is in decaauts)
 A = Elapsed time spent in this place.
 B = Non-inter-level travel time spent in this place.
 C = Inter-level travel time spent in this place.
 D = Time resting spent in this place.
 E = Time spent auto-exploring this place.
 F = Levels seen in this place.
 G = Mean time per level.
                   A        B        C        D        E       F      G
               +--------+--------+--------+--------+--------+-----+--------+
         Total |   1801 |   1782 |     19 |      0 |   1345 |   2 |  900.5 |
       Dungeon |   1801 |   1782 |     19 |      0 |   1345 |   2 |  900.5 |
               +--------+--------+--------+--------+--------+-----+--------+

Top non-repeatable levels by time:
     D:1: 1203 daAuts
     D:2: 598 daAuts
